 Dungeon Crawl Stone Soup version 0.21-a0-50-g941c862 (webtiles) character file.

314 KristoblXynda the Slasher (level 5, -10/41 HPs)
             Began as a Demigod Gladiator on June 11, 2017.
             Killed from afar by an orc wizard (14 damage)
             ... with a puff of flame
             ... on level 3 of the Dungeon.
             The game lasted 00:04:28 (3212 turns).

KristoblXynda the Slasher (Demigod Gladiator)       Turns: 3212, Time: 00:04:29

Health: -10/41     AC:  4    Str: 17    XL:     5   Next: 98%
Magic:  7/7        EV: 14    Int: 14    God:
Gold:   214        SH:  0    Dex: 17    Spells: 4/4 levels left

rFire    . . .     SeeInvis .   a - +0 long sword
rCold    . . .     Gourm    .   (no shield)
rNeg     . . .     Faith    .   b - +0 leather armour
rPois    .         Spirit   .   c - +0 helmet
rElec    .         Reflect  .   (no cloak)
rCorr    .         Harm     .   (no gloves)
MR       .....                  (no boots)
Stlth    +.........             (no amulet)
Regen    0.2/turn               (no ring)
MPRegen  0.1/turn               (no ring)

@: no status effects
A: high mp 1
a: no special abilities


You were on level 3 of the Dungeon.
You were not hungry.

You visited 1 branch of the dungeon, and saw 3 of its levels.

You collected 214 gold pieces.

Inventory:

Hand Weapons
 a - a +0 long sword (weapon)
Missiles
 d - 3 throwing nets (quivered)
Armour
 b - a +0 leather armour (worn)
 c - a +0 helmet (worn)
 l - a +0 buckler
Jewellery
 m - an uncursed amulet of guardian spirit {unknown}
Scrolls
 e - a scroll of fear {unknown}
 g - 5 scrolls of identify {unknown}
 h - a scroll of enchant armour {unknown}
 j - 3 scrolls of remove curse {unknown}
 k - a scroll of random uselessness {unknown}
 n - a scroll of blinking {unknown}
 o - 2 scrolls of recharging {unknown}
 q - a scroll of teleportation {unknown}
Potions
 i - a potion of heal wounds {unknown}
 p - a potion of brilliance
 r - a potion of resistance
Comestibles
 f - 4 bread rations


   Skills:
 - Level 1.7 Fighting
 + Level 4.1 Long Blades
 - Level 1.7 Throwing
 + Level 3.3 Armour
 - Level 4.0 Dodging
 + Level 0.5 Shields


You had 4 spell levels left.
You didn't know any spells.

Dungeon Overview and Level Annotations

Branches:
Dungeon (3/15)


Innate Abilities, Weirdness & Mutations

You have an increased reservoir of magic. (+10% MP)


Message History

You miss something.
You hear some strange, mumbled words.
A puff of flame appears from out of thin air!
The puff of flame hits you!
* * * LOW HITPOINT WARNING * * *
You miss something. Something hits you.
* * * LOW HITPOINT WARNING * * *
Something hits you but does no damage.
You closely miss something. Something hits you but does no damage.
You closely miss something. Something hits you.
* * * LOW HITPOINT WARNING * * *
You hit something. Something hits you but does no damage.
You miss something. Something hits you but does no damage.
You barely miss something. Something barely misses you.
You hit something.
Something hits you but does no damage. x2
You miss something.
You hear some strange, mumbled words.
A puff of flame appears from out of thin air!
The puff of flame hits you!
You die...

.........##.########
...................##
....................##
.....................#
.....................#
.....................#
#######..†.....).....#
#...).....)....#
##.......{@...##
##..........##
############


There were no monsters in sight!

Vanquished Creatures
  Sigmund (D:3)
  2 orc wizards (D:3)
  4 adders
  3 worms
  A leopard gecko (D:2)
  2 orcs (D:3)
  2 ball pythons
  6 bats
  2 giant cockroaches
  9 hobgoblins
  5 kobolds
  A quokka (D:3)
  A frilled lizard (D:1)
  8 goblins
  8 rats
55 creatures vanquished.

Notes
Turn   | Place    | Note
-------+----------+-------------------------------------------
     0 | D:1      | KristoblXynda the Demigod Gladiator began the quest for the Orb.
     0 | D:1      | Reached XP level 1. HP: 17/17 MP: 3/3
   509 | D:1      | Reached XP level 2. HP: 24/24 MP: 4/4
   520 | D:1      | Reached skill level 1 in Armour
   557 | D:1      | HP: 1/24 [hobgoblin/club (2)]
  1312 | D:2      | Found a shimmering altar of Xom.
  1430 | D:2      | Reached XP level 3. HP: 18/29 MP: 5/5
  2669 | D:3      | Noticed Sigmund
  2675 | D:3      | Reached XP level 4. HP: 33/36 MP: 6/6
  2701 | D:3      | Killed Sigmund
  2701 | D:3      | Reached XP level 5. HP: 4/41 MP: 7/7
  3002 | D:3      | Found a radiant altar of Vehumet.
  3212 | D:3      | Killed from afar by an orc wizard

Vault maps used:
D:1:      minmay_arrival_three_doors, serial_bayou_lake_a
D:2:      xom_teletrap_fun, nicolae_overflow_hidden_temple, minmay_pentomino_o4
D:3:      overflow_temple_1_default, first_bread, uniq_sigmund

Skill      XL: |  1  2  3  4  5 |
---------------+----------------+-----
Armour         | 1 2 3 |  3.3
Long Blades    | 3 4 |  4.1
Dodging        | 3 4 |  4.0
Fighting       | |  1.7
Throwing       | |  1.7
Shields        | |  0.5

Action                   |  1- 3 |  4- 6 || total
-------------------------+-------+-------++-------
Melee: Long sword        |   118 |    59 ||   177
Throw: Throwing net      |     2 |       ||     2
  Use: Potion            |     2 |     2 ||     4
 Stab: Sleeping          |     1 |       ||     1
       Held in net/web   |     1 |       ||     1
  Eat: Bread ration      |     1 |       ||     1
       Chunk             |     1 |     2 ||     3
Armor: Leather armour    |    36 |    18 ||    54
Dodge: Dodged            |   110 |    30 ||   140
       Rpst.: Long sword |    32 |     9 ||    41
